 Dungeon Crawl Stone Soup version 0.20-a0-502-g555d78b (webtiles) character file.

55129 Ijustatesigmund the Commander (level 14, -4/81 HPs)
             Began as a Barachian Fighter on Jan 19, 2017.
             Was a High Priest of Okawaru.
             Killed from afar by a starcursed mass (8 damage)
             ... with an accursed screaming
             ... on level 3 of the Abyss on Jan 20, 2017.
             The game lasted 01:31:25 (19615 turns).

Ijustatesigmund the Commander (Barachian Fighter)  Turns: 19615, Time: 01:31:26

Health: -4/81      AC: 34    Str: 13      XL:     14   Next: 76%
Magic:  12/16      EV:  9    Int:  3 (4)  God:    Okawaru [*****.]
Gold:   1053       SH: 14    Dex: 15 (16) Spells: 13/13 levels left

rFire    + + .     SeeInvis .   S - +5 long sword (holy)
rCold    + . .     Gourm    .   J - +10 plate armour {ponderous}
rNeg     . . .     Faith    .   c - +2 shield
rPois    +         Spirit   .   l - +2 helmet
rElec    .         Reflect  .   R - +1 cloak
rCorr    .         Harm     .   B - +0 pair of gloves of Distant Shores {rF++ Dex+3}
MR       +....     Rnd*Rage +   s - +1 pair of boots
Stlth    .......... Rnd*Tele +  m - amulet of regeneration
Regen    0.7/turn               L - ring of protection from cold
                                F - ring of poison resistance

@: heroism, finesse, can't hop, very slow
A: swims, slimy green scales 1, berserk 2, blurry vision 2, deformed body,
deterioration 2, dopey 2, frail 3, low mp 3, screaming 1, slowness 1, strong 1,
teleportitis 3, weak 2, strong legs 2
a: Hop, Heroism, Finesse, Renounce Religion


You were on level 3 of the Abyss.
You worshipped Okawaru.
Okawaru was extremely pleased with you.
You were not hungry.

You visited 3 branches of the dungeon, and saw 19 of its levels.
You visited the Abyss 1 time.
You also visited: Ice Cave.

You collected 1352 gold pieces.
You spent 299 gold pieces at shops.

Inventory:

Hand Weapons
 w - the +7 hunting sling "Extetiff" {freeze, rF+ MR+ Stlth+}
   (You took it off an orc on level 4 of the Dungeon)

   It causes projectiles fired from it to freeze those they strike, causing
   extra injury to most foes and up to half again as much damage against
   particularly susceptible opponents.
   They can also slow down cold-blooded creatures.
   It protects you from fire.
   It affects your resistance to hostile enchantments.
   It makes you more stealthy.
 Q - a +3 scimitar of flaming
 S - a +5 long sword of holy wrath (weapon)
 U - a +5 fustibalus of flaming
Missiles
 x - 185 sling bullets
Armour
 c - a +2 shield (worn)
 l - a +2 helmet (worn)
 s - a +1 pair of boots (worn)
 B - the +0 pair of gloves of Distant Shores (worn) {rF++ Dex+3}
   (Okawaru gifted it to you on level 8 of the Dungeon)

   It affects your dexterity (+3).
   It greatly protects you from fire.
 J - a +10 plate armour of ponderousness (worn)
 R - a +1 cloak (worn)
Jewellery
 d - an uncursed ring of positive energy
 m - an amulet of regeneration (around neck)
 o - an uncursed ring of resist corrosion
 F - a ring of poison resistance (left hand)
 I - the amulet "Xucedan" {+Rage rF+ Dex+3}
   (You found it on level 8 of the Dungeon)

   [amulet of rage]

   It affects your dexterity (+3).
   It protects you from fire.
   It lets you go berserk.
 L - a ring of protection from cold (right hand)
 N - an uncursed ring of see invisible {unknown}
Wands
 g - a wand of clouds (3/9)
 H - a wand of polymorph (11/24)
 O - a wand of digging (14/24)
 T - a wand of lightning (8/15)
 V - a wand of lightning (12/15)
 X - a wand of scattershot (1/9)
 Y - a wand of iceblast (6/15)
Scrolls
 b - 2 scrolls of summoning
 e - 7 scrolls of teleportation
 q - 12 scrolls of remove curse
 t - 2 scrolls of enchant weapon
 v - a scroll of fear
 E - 3 scrolls of immolation
 G - 2 scrolls of identify
Potions
 a - a potion of might
 h - 4 potions of agility
 i - 5 potions of mutation
 j - 3 potions of resistance
 k - 5 potions of brilliance
 n - 2 potions of heal wounds
 p - 4 potions of haste
 u - 2 potions of magic
 z - 9 potions of curing
 A - 4 potions of cure mutation
 C - 4 potions of flight
 D - a potion of cancellation
Books
 y - a book of Necromancy

   Spells                             Type                      Level
   a - Pain                           Necromancy                   1
   b - Animate Skeleton               Necromancy                   1
   c - Vampiric Draining              Necromancy                   3
   d - Regeneration                   Charms/Necromancy            3
   e - Animate Dead                   Necromancy                   4
   f - Control Undead                 Necromancy                   4
Miscellaneous
 P - a phantom mirror
Comestibles
 f - 13 bread rations
 r - 10 meat rations
 K - a slice of pizza
 M - 10 royal jellies


   Skills:
 - Level 12.4(17.4) Fighting
 - Level 12.6(17.6) Long Blades
 - Level 6.2(11.2) Slings
 + Level 10.2(15.2) Armour
 + Level 8.8(13.8) Dodging
 - Level 7.1(12.1) Shields
 - Level 13.1 Invocations
 - Level 3.3 Evocations


You had 13 spell levels left.
You didn't know any spells.

Dungeon Overview and Level Annotations

Branches:
Dungeon (14/15)            Temple (1/1) D:4            Lair (4/6) D:10
  Swamp (0/4) Lair:4        Snake (0/4) Lair:4          Orc (0/2) D:9
 Vaults: D:13-14

Altars:
Ashenzari
Cheibriados
Dithmenos
Elyvilon
Fedhas
Gozag
Hepliaklqana
Kikubaaqudgha
Makhleb
Nemelex Xobeh
Okawaru
Qazlal
Ru
Sif Muna
Trog
Uskayaw
Vehumet
Xom
Yredelemnul
Zin
The Shining One
Lugonu

Shops:
D:4 ?(=   D:8 *   D:11 =


Innate Abilities, Weirdness & Mutations

You can swim through water.
You cover ground slowly.
You can hop longer distances.
You are partially covered in slimy green scales. (AC +2)
You occasionally shout uncontrollably at your foes.
Your muscles are strong. (Str +2)
[You often lose your temper in combat.]
[Scrolls take you longer to read.]
[Armour fits poorly on your strangely shaped body.]
[Your body often deteriorates upon taking damage.]
[You are very dopey. (Int -4)]
[You are extremely frail. (-30% HP)]
[Your magical capacity is extremely low. (-30% MP)]
[You are often teleported next to monsters.]
[You are very weak. (Str -4)]


Message History

Hop to where?
Press: ? - help, Dir - move target cursor Boing!
You shout at the ynoxinul!
A ynoxinul comes into view.
The ynoxinul bellows!
You hear a bark!
The ynoxinul gestures.
A deafening chorus of shrieks assaults your mind!
* * * LOW HITPOINT WARNING * * *
Really read with blurry vision while enemies are nearby?
You block the ynoxinul's attack. The starcursed mass engulfs you.
* * * LOW HITPOINT WARNING * * *
The starcursed mass closely misses you.
A deafening chorus of shrieks assaults your mind!
* * * LOW HITPOINT WARNING * * *
You begin reading the scroll.
You continue reading the scroll.
The ynoxinul gestures.
You block the starcursed mass's attack.
The starcursed mass engulfs you but does no damage. x2
A deafening chorus of shrieks assaults your mind!
You die...

## ..# .#. ..
# . .# .#
...## ##5#.#
#....#.355#
## #5@X5.####
# #.XX*##..
.. #
#.X.X.X.##
.#.
#..##X.ยง.###
..
#...##.X..# .
.... #..#.#.
# ###_
...##.# #
#...### #.#
## #.## ##
.###.#


You could see 6 starcursed masses, a wretched star, 2 large abominations, a
ynoxinul and 5 ufetubi.

Vanquished Creatures
  A frost giant (IceCv)
  A vault guard (D:14)
  3 hydras
  A centaur warrior (D:14)
  Erica (Lair:2)
  7 two-headed ogres
  A death yak (IceCv)
  Nergalle (D:11)
  3 unseen horrors
  3 wizards (D:14)
  Pikel (D:8)
  A lindwurm (Lair:3)
  A deep elf mage (D:12)
  An oklob plant (D:8)
  A cyclops (D:13)
  An ugly thing (D:12)
  A manticore (D:11)
  A black mamba (Lair:3)
  7 spiny frogs
  An ice statue (IceCv)
  An orange demon (Abyss:2)
  4 rime drakes
  An efreet (D:13)
  A komodo dragon (Lair:3)
  An ancient zyme (Abyss:3)
  16 polar bears
  5 trolls
  A hornet (Lair:4)
  2 meliai (D:14)
  Prince Ribbit (D:7)
  7 slime creatures (D:12)
  A bog body (Lair:4)
  7 hippogriffs
  A centaur simulacrum (D:12)
  A spriggan (Lair:4)
  A tarantella (shapeshifter) (D:13)
  4 hungry ghosts
  2 basilisks
  15 humans (D:14)
  Sigmund (D:6)
  57 yaks
  Grum (D:11)
  An acid dragon (D:14)
  2 hell hounds (D:10)
  8 water moccasins
  6 porcupines
  11 ice beasts
  A slave (D:7)
  6 black bears
  10 orc warriors
  5 sky beasts
  A hornet zombie (D:10)
  3 phantoms
  A necrophage (D:9)
  12 ogres
  An eye of draining (D:13)
  16 wolves
  3 crocodiles
  21 centaurs
  6 big kobolds
  14 bullfrogs
  2 gnoll sergeants (D:9)
  A water moccasin zombie (D:6)
  4 scorpions
  A small abomination (Abyss:2)
  3 wyvern skeletons
  10 killer bees
  7 wights
  3 howler monkeys
  7 crimson imps
  A bullfrog zombie (D:12)
  2 quasits (D:9)
  A centaur skeleton (D:11)
  2 centaur zombies
  4 hounds
  6 jellies
  5 orc wizards
  3 bullfrog skeletons
  2 iguanas
  Crazy Yiuf (D:7)
  3 hell rats (Lair:4)
  7 worker ants
  2 hound zombies (D:6)
  A hound skeleton (D:7)
  5 worker ant zombies
  2 howler monkey skeletons (D:6)
  12 adders
  5 river rats (Lair:4)
  6 shadow imps
  6 oozes
  2 adder skeletons
  3 adder zombies (D:6)
  2 worms
  2 dart slugs
  7 leopard geckos
  37 orcs
  5 ball pythons
  3 giant cockroaches
  6 goblins
  7 hobgoblins
  12 jackals
  5 quokkas
  13 bats
  3 frilled lizards
  17 kobolds
  4 leopard gecko zombies
  2 quokka zombies (D:6)
  10 rats
  A fungus (D:7)
  A plant (D:8)
553 creatures vanquished.

Vanquished Creatures (others)
  A wizard (D:14)
  A sky beast (D:7)
  A bush (D:12)
  4 fungi (Lair:2)
  A lurking horror (Abyss:2)
  10 plants
18 creatures vanquished.

Grand Total: 571 creatures vanquished

Notes
Turn   | Place    | Note
-------+----------+-------------------------------------------
     0 | D:1      | Ijustatesigmund the Barachian Fighter began the quest for the Orb.
     0 | D:1      | Reached XP level 1. HP: 18/18 MP: 1/1
   205 | D:1      | Reached XP level 2. HP: 24/24 MP: 2/2
   499 | D:1      | Reached XP level 3. HP: 30/30 MP: 3/3
  1157 | D:2      | Reached XP level 4. HP: 23/37 MP: 4/4
  2514 | D:3      | Reached XP level 5. HP: 25/43 MP: 5/5
  2714 | D:3      | Reached skill level 1 in Dodging
  3335 | D:4      | Found Qentulus's Weapon Emporium.
  3335 | D:4      | Found Iquit's Jewellery Emporium.
  3565 | D:4      | Found a staircase to the Ecumenical Temple.
  3567 | D:4      | Noticed an ogre
  3577 | D:4      | HP: 1/43 [ogre/giant club (8)]
  3578 | D:4      | Killed an ogre
  3578 | D:4      | Reached skill level 5 in Fighting
  3578 | D:4      | Reached skill level 5 in Long Blades
  3578 | D:4      | Reached XP level 6. HP: 1/51 MP: 6/6
  3873 | Temple   | Entered the Ecumenical Temple
  3900 | Temple   | Became a worshipper of Warmaster Okawaru
  4166 | D:4      | Found Omedauci's Magic Scroll Shop.
  4175 | D:4      | Bought a scroll of teleportation for 33 gold pieces
  4224 | D:4      | Upgraded the game from 0.20-a0-501-g0de2c2e to 0.20-a0-502-g555d78b
  4319 | D:4      | Got a twisted hunting sling
  4320 | D:4      | Identified the +7 hunting sling "Extetiff" {freeze, rF+ MR+ Stlth+} (You took it off an orc on level 4 of the Dungeon)
  4785 | D:5      | Entered Level 5 of the Dungeon
  4836 | D:5      | Reached skill level 1 in Invocations
  4836 | D:5      | Reached XP level 7. HP: 50/56 MP: 6/8
  5107 | D:5      | Reached skill level 1 in Slings
  5107 | D:5      | Reached skill level 2 in Invocations
  5151 | D:5      | Reached * piety under Okawaru
  5271 | D:5      | Reached skill level 3 in Invocations
  5531 | D:6      | Noticed Sigmund
  5535 | D:6      | Killed Sigmund
  5535 | D:6      | Reached XP level 8. HP: 62/63 MP: 10/10
  5537 | D:6      | Reached skill level 4 in Invocations
  5544 | D:6      | Reached ** piety under Okawaru
  5715 | D:6      | Reached skill level 5 in Invocations
  5766 | D:6      | Got an encrusted rapier
  5773 | D:6      | Identified the +1 rapier "Ziero" {vamp, *Drain Int+4 Dex+6} (You found it on level 6 of the Dungeon)
  6235 | D:7      | Reached skill level 6 in Invocations
  6250 | D:7      | Reached skill level 5 in Slings
  6324 | D:7      | Found a runed door.
  6518 | D:7      | Noticed a two-headed ogre
  6528 | D:7      | Killed a two-headed ogre
  6528 | D:7      | Reached *** piety under Okawaru
  6528 | D:7      | Reached skill level 7 in Invocations
  6528 | D:7      | Reached XP level 9. HP: 45/68 MP: 12/14
  6571 | D:7      | Reached **** piety under Okawaru
  6637 | D:7      | Noticed Pikel
  6689 | D:8      | Killed Pikel
  6907 | D:7      | Noticed Prince Ribbit
  6914 | D:7      | Killed Prince Ribbit
  6914 | D:7      | Reached skill level 5 in Armour
  6973 | D:7      | Reached XP level 10. HP: 73/74 MP: 15/15
  7164 | D:7      | Noticed Crazy Yiuf
  7166 | D:7      | Killed Crazy Yiuf
  7171 | D:7      | Got a slimy mace
  7172 | D:7      | Identified the +9 mace of Overwhelming Force {freeze, +Blink rPois rF- Str+7} (You found it on level 7 of the Dungeon)
  7275 | D:8      | Got a pitted brass amulet
  7277 | D:8      | Identified the amulet "Xucedan" {+Rage rF+ Dex+3} (You found it on level 8 of the Dungeon)
  7404 | D:8      | Reached skill level 5 in Dodging
  7490 | D:8      | Found Wuss's Assorted Antiques.
  7494 | D:8      | Bought a scorched chain mail for 266 gold pieces
  7504 | D:8      | Identified the +1 chain mail of Xom's Envy {Str+8 Int-5 Dex-5 Stlth+} (You bought it in a shop on level 8 of the Dungeon)
  7548 | D:8      | Gained mutation: You occasionally shout uncontrollably at your foes. [potion of mutation]
  7548 | D:8      | Gained mutation: Your muscles are strong. (Str +2) [potion of mutation]
  7548 | D:8      | Gained mutation: You are partially covered in slimy green scales. (AC +2) [potion of mutation]
  7858 | D:8      | Reached skill level 5 in Shields
  7906 | D:8      | Found a burning altar of Makhleb.
  7908 | D:8      | Noticed an oklob plant
  7972 | D:8      | Noticed a two-headed ogre
  7977 | D:8      | Killed a two-headed ogre
  8201 | D:8      | You fall through a shaft!
  8277 | D:9      | Reached ***** piety under Okawaru
  8317 | D:9      | Noticed a two-headed ogre
  8402 | D:8      | Killed an oklob plant
  8456 | D:8      | Killed a two-headed ogre
  8456 | D:8      | Received a gift from Okawaru
  8457 | D:8      | Got a pair of warped gloves {god gift}
  8510 | D:8      | Identified the +0 pair of gloves of Distant Shores {rF++ Dex+3} (Okawaru gifted it to you on level 8 of the Dungeon)
  8553 | D:9      | Noticed a two-headed ogre
  8560 | D:9      | Killed a two-headed ogre
  8560 | D:9      | Reached skill level 8 in Invocations
  8560 | D:9      | Reached XP level 11. HP: 78/84 MP: 15/17
  9012 | D:9      | Found a staircase to the Orcish Mines.
  9327 | D:10     | Entered Level 10 of the Dungeon
  9349 | D:10     | Reached skill level 9 in Invocations
  9600 | D:10     | Found a staircase to the Lair.
  9674 | D:10     | Received a gift from Okawaru
 10259 | D:11     | Noticed a two-headed ogre
 10266 | D:11     | Killed a two-headed ogre
 10266 | D:11     | Reached skill level 10 in Invocations
 10266 | D:11     | Reached XP level 12. HP: 95/95 MP: 19/19
 10271 | D:11     | Found Raded's Jewellery Emporium.
 10339 | D:11     | Noticed Grum
 10364 | D:11     | Killed Grum
 10416 | D:11     | Noticed Nergalle
 10448 | D:11     | Killed Nergalle
 10530 | D:11     | Reached skill level 10 in Long Blades
 10776 | D:11     | Identified a scroll of acquirement
 10914 | D:11     | Reached skill level 10 in Fighting
 10974 | D:11     | Reached skill level 1 in Evocations
 11201 | D:12     | Noticed a two-headed ogre
 11212 | D:12     | Killed a two-headed ogre
 11212 | D:12     | Received a gift from Okawaru
 11259 | D:12     | Found a frozen archway.
 11328 | IceCv    | Entered an ice cave
 11439 | IceCv    | Reached skill level 11 in Invocations
 11444 | IceCv    | Received a gift from Okawaru
 11563 | IceCv    | Received a gift from Okawaru
 11967 | IceCv    | Gained mutation: You can hop longer distances. [Barachian growth]
 11967 | IceCv    | Reached XP level 13. HP: 12/106 MP: 14/21
 12261 | IceCv    | Noticed a frost giant
 12290 | IceCv    | Killed a frost giant
 12290 | IceCv    | Received a gift from Okawaru
 12290 | IceCv    | Reached skill level 12 in Invocations
 12314 | IceCv    | Got a translucent demon blade {god gift}
 12315 | IceCv    | Identified the +1 demon blade of Tender Mercy {drain, +Inv rElec Dex-4} (Okawaru gifted it to you in an ice cave)
 12817 | Lair:1   | Entered Level 1 of the Lair of Beasts
 13291 | Lair:1   | Found an iron altar of Okawaru.
 14377 | Lair:2   | Noticed Erica
 14400 | Lair:2   | Killed Erica
 14400 | Lair:2   | Received a gift from Okawaru
 14403 | Lair:2   | Got a shimmering ring mail {god gift}
 14418 | Lair:2   | Identified the +1 ring mail of Cameocud {Str-4 Int+4 Dex+4} (Okawaru gifted it to you on level 2 of the Lair of Beasts)
 15165 | Lair:3   | Reached skill level 13 in Invocations
 16000 | Lair:4   | Found a staircase to the Swamp.
 16074 | Lair:4   | Reached XP level 14. HP: 46/116 MP: 17/23
 16480 | Lair:4   | Found a staircase to the Snake Pit.
 17640 | D:12     | Received a gift from Okawaru
 17760 | D:12     | Got a crude hunting sling
 17761 | D:12     | Identified the cursed +0 hunting sling of Dishonour {freeze, +Fly rF+ MR+} (You found it on level 12 of the Dungeon)
 18210 | D:13     | Received a gift from Okawaru
 18987 | D:14     | Found a corrupted altar of Lugonu.
 19313 | D:14     | Reached skill level 10 in Armour
 19344 | D:14     | Received a gift from Okawaru
 19349 | D:14     | Cast into level 2 of the Abyss (a wizard)
 19349 | Abyss:2  | Found a corrupted altar of Lugonu.
 19489 | Abyss:3  | Noticed a nagaraja
 19491 | Abyss:3  | Noticed a starcursed mass
 19585 | Abyss:3  | Found a corrupted altar of Lugonu.
 19598 | Abyss:3  | Noticed a starcursed mass
 19613 | Abyss:3  | Found a corrupted altar of Lugonu.
 19614 | Abyss:3  | HP: 4/81 [starcursed mass/accursed screaming (10)]
 19615 | Abyss:3  | Killed from afar by a starcursed mass

Vault maps used:
D:1:      zaba_arrival_water, minivault_27, minmay_pentomino_p2
D:3:      first_bread
D:4:      serial_shops, shop, shop_fountains, nicolae_shop_stone,
          kennysheep_potato
D:5:      minmay_crystal_room, kennysheep_decorative_pillar,
          kennysheep_big_empty_room, serial_park_tiny_pond
D:6:      serial_undead, serial_undead_b, serial_undead_d, serial_undead_b,
          serial_undead_a, grunt_ministairs_1, feat_on_display, uniq_sigmund
D:7:      uniq_crazy_yiuf_cottage, uniq_pikel, uniq_prince_ribbit1
D:8:      serial_shops, nicolae_shop_trees, hangedman_little_slice_of_home,
          lemuel_oklob_altar
D:9:      kennysheep_orc_monster_closet_entryway, minmay_misc_feat_ornament
D:10:     minmay_lair_entry_lava
D:11:     serial_shops, shop, minmay_item_behind_shaft, uniq_nergalle, uniq_grum
D:12:     portal_ice_cave_entry_ice_beasts, kb_lookout_dungeons_type,
          serial_bayou_pond_c, minivault_25_ag
D:14:     grunt_vaults_entry_tiered, serial_park_tiny_pond, tgw_lugonu_bribe
Temple:   compressed_dpeg_triangle_lava_temple
Lair:1:   beast_lair_carwin_large_1, basic_altar, serial_bayou_shore_b
Lair:2:   bh_autumn_forest_stairs, uniq_erica
Lair:4:   swamp_mist, guppyfry_snake_entry_island, kennysheep_abandoned_house
Abyss:2:  evilmike_abyss_exit_11
Abyss:3:  hangedman_abyss_mock_shop, nicolae_abyss_rune_left_handed
IceCv:    ice_cave_caverns_01

Skill      XL: |  1  2  3  4  5  6  7  8  9 10 11 12 13 14 |
---------------+-------------------------------------------+-----
Long Blades    | 3 4 5 7 9 11 12 | 12.6
Fighting       | 4 5 7 9 11 12 | 12.4
Dodging        | 2 3 4 5 8 |  8.8
Invocations    | 1 3 7 8 10 11 13 | 13.1
Slings         | 2 6 |  6.2
Armour         | 5 7 10 | 10.2
Shields        | 4 5 7 |  7.1
Evocations     | 3 |  3.3

Action                   |  1- 3 |  4- 6 |  7- 9 | 10-12 | 13-15 || total
-------------------------+-------+-------+-------+-------+-------++-------
Melee: Long sword        |   139 |   231 |   167 |    72 |   850 ||  1459
       Scimitar          |       |       |       |   281 |   155 ||   436
       Great sword       |       |       |       |    80 |       ||    80
       Demon blade       |       |       |       |       |     9 ||     9
 Fire: Hunting sling     |       |     7 |   167 |   434 |       ||   608
       Fustibalus        |       |       |       |   123 |   172 ||   295
Throw: Tomahawk          |       |       |       |     6 |       ||     6
Invok: Heroism           |       |       |       |     3 |     9 ||    12
       Finesse           |       |       |       |     1 |     8 ||     9
 Abil: Hop               |       |     1 |     2 |     5 |     6 ||    14
Evoke: Wand              |       |       |       |    18 |     2 ||    20
  Use: Scroll            |       |    16 |     5 |     9 |    13 ||    43
       Potion            |       |       |     1 |     3 |     3 ||     7
 Stab: Paralysed         |       |       |       |     4 |       ||     4
  Eat: Chunk             |     1 |    12 |     5 |    14 |    12 ||    44
       Fruit             |       |     2 |     2 |       |     7 ||    11
       Beef jerky        |       |       |     1 |     1 |     8 ||    10
       Bread ration      |       |       |     1 |       |       ||     1
       Pizza             |       |       |       |     2 |     4 ||     6
       Royal jelly       |       |       |       |     1 |       ||     1
       Meat ration       |       |       |       |     1 |       ||     1
Armor: Scale mail        |    85 |   117 |   114 |     4 |       ||   320
       Chain mail        |       |       |       |    69 |       ||    69
       Plate armour      |       |       |       |   476 |   677 ||  1153
Dodge: Dodged            |    56 |    53 |    52 |   264 |   263 ||   688
Block: Shield            |    86 |   139 |   121 |   317 |   653 ||  1316
       Rpst.: Long sword |    19 |    16 |    12 |    10 |    41 ||    98
       Scimitar          |       |       |       |    20 |    13 ||    33
       Great sword       |       |       |       |    20 |       ||    20
